 Dungeon Crawl Stone Soup version 0.21-a0-528-gf531e82 (webtiles) character file.

32 Gerstahl the Conjurer (level 3, 24/24 HPs)
             Began as a Demonspawn Conjurer on Dec 8, 2017.
             Quit the game on level 2 of the Dungeon.
             The game lasted 00:02:45 (1452 turns).

Gerstahl the Conjurer (Demonspawn Conjurer)         Turns: 1452, Time: 00:02:46

Health: 24/24      AC:  2    Str:  8    XL:     3   Next: 10%
Magic:  4/7        EV: 12    Int: 17    God:
Gold:   50         SH:  0    Dex: 13    Spells: 6/7 levels left

rFire    . . .     SeeInvis .   (no weapon)
rCold    . . .     Gourm    .   (no shield)
rNeg     . . .     Faith    .   a - +0 robe
rPois    .         Spirit   .   (no helmet)
rElec    .         Reflect  .   (no cloak)
rCorr    .         Harm     .   (no gloves)
MR       .....                  (no boots)
Stlth    +++.......             (no amulet)
HPRegen  0.08/turn              (no ring)
MPRegen  0.10/turn              (no ring)

@: no status effects
A: nightstalker 1, powered by pain 1
a: no special abilities


You were on level 2 of the Dungeon.
You were hungry.

You visited 1 branch of the dungeon, and saw 2 of its levels.

You collected 50 gold pieces.

Inventory:

Armour
 a - a +0 robe (worn)
Scrolls
 d - a scroll of remove curse {unknown}
 g - a scroll of identify {unknown}
Potions
 e - a potion of curing {unknown}
 f - a potion of magic {unknown}
 h - a potion of berserk rage {unknown}
Books
 b - a book of Conjurations

   Spells                             Type                      Level
   a - Magic Dart                     Conjuration                  1
   b - Searing Ray                    Conjuration                  2
   c - Dazzling Spray                 Conjuration/Hexes            3
   d - Fulminant Prism                Conjuration/Hexes            4
   e - Force Lance                    Conjuration/Translocation    4
   f - Iskenderun's Mystic Blast      Conjuration                  4
Comestibles
 c - 2 bread rations


   Skills:
 - Level 1.7 Dodging
 - Level 1.7 Stealth
 + Level 2.7 Spellcasting
 + Level 4.5 Conjurations


You had 6 spell levels left.
You knew the following spells:

 Your Spells              Type           Power        Failure   Level  Hunger
a - Magic Dart            Conj           ###.         2%          1    #......


Dungeon Overview and Level Annotations

Branches:
Dungeon (2/15)

Altars:


Innate Abilities, Weirdness & Mutations

You are slightly more attuned to the shadows.
You sometimes gain a little power by taking damage.


Message History

Press: ? - help, Shift-Dir - straight line, f - frilled lizard
Aim: a frilled lizard The magic dart hits the frilled lizard.
You kill the frilled lizard!
A rat comes into view.
Unknown command.
Unknown command.
Casting: Magic Dart
Confirm with . or Enter, or press ? or * to list all spells.
Aiming: Magic Dart
Press: ? - help, Shift-Dir - straight line, f - rat
Aim: a rat (hasn't noticed you)
The magic dart hits the rat.
You kill the rat!
Casting: Magic Dart
Confirm with . or Enter, or press ? or * to list all spells.
You can't see any susceptible monsters within range! (Use Z to cast anyway.)
You start resting.
HP restored.
Are you sure you want to abandon this character and quit the game? (Confirm with "yes".)

#.#
#.#
#.# ##
#.#
.###
#.#
#...
#.#
..#
#.##†#
#..@.#
####†#
.# .#
.# .#
.#


There were no monsters in sight!

Vanquished Creatures
  A dart slug (D:1)
  3 giant cockroaches (D:1)
  4 goblins (D:1)
  A hobgoblin (D:1)
  6 jackals (D:1)
  A ball python (D:1)
  4 frilled lizards
  4 kobolds (D:1)
  6 rats
30 creatures vanquished.

Notes
Turn   | Place    | Note
-------+----------+-------------------------------------------
     0 | D:1      | Gerstahl the Demonspawn Conjurer began the quest for the Orb.
     0 | D:1      | Reached XP level 1. HP: 13/13 MP: 3/3
   247 | D:1      | Gained mutation: You sometimes gain a little power by taking damage. [demonic ancestry]
   247 | D:1      | Reached XP level 2. HP: 19/19 MP: 0/5
  1186 | D:1      | Gained mutation: You are slightly more attuned to the shadows. [demonic ancestry]
  1186 | D:1      | Reached XP level 3. HP: 24/24 MP: 1/7
  1452 | D:2      | Quit the game

Vault maps used:
D:1:      dpeg_arrival_refuge

Action                   || total
-------------------------++-------
Melee: Unarmed           ||    10
 Cast: Magic Dart        ||    52
  Eat: Chunk             ||     1
Armor: Robe              ||     3
Dodge: Dodged            ||    23

Table legend:
 A = Spawn XP
 B = Non-spawn XP
 C = Spawn XP percentage of total XP
 D = Spawn monster count
 E = Non-spawn monster count
 F = Spawn count percentage of total count
 G = Total turns spent on level
                    A         B        C        D         E        F      G
               +---------+---------+-------+---------+---------+-------+---------
         Total |       0 |      47 |   0.0 |       0 |      30 |   0.0 |  1452
               +---------+---------+-------+---------+---------+-------+---------
           D:1 |       0 |      44 |   0.0 |       0 |      27 |   0.0 |  1432
           D:2 |       0 |       3 |   0.0 |       0 |       3 |   0.0 |    20
               +---------+---------+-------+---------+---------+-------+---------
